 Dungeon Crawl Stone Soup version 0.28.0-53-g5a82cb258f (webtiles) character file.

Game seed: 388080018193039346

2 gobodom the Stinger (level 1, -1/11 HPs)
             Began as an Octopode Venom Mage on June 11, 2022.
             Slain by a goblin
             ... wielding a +0 club
              (4 damage)
             ... on level 1 of the Dungeon.
             The game lasted 00:01:26 (74 turns).

gobodom the Stinger (Octopode Venom Mage)             Turns: 74, Time: 00:01:26

Health: -1/11      AC:  1    Str:  7    XL:     1   Next: 40%
Magic:  3/3        EV: 13    Int: 17    God:
Gold:   4          SH:  0    Dex: 12    Spells: 3/4 levels left

rFire   . . .      SeeInvis .   b - +0 short sword
rCold   . . .      Faith    .   (no shield)
rNeg    . . .      Spirit   .   (helmet restricted)
rPois   .          Reflect  .   (no amulet)
rElec   .          Harm     .   a - ring of resist corrosion
rCorr   +          Rampage  .   (no ring)
Will    .....                   (no ring)
Stlth   +++.......              (no ring)
HPRegen 0.03/turn               (no ring)
MPRegen 0.08/turn               (no ring)
                                (no ring)
                                (no ring)

@: no status effects
A: almost no armour, amphibious, 8 rings, camouflage 1, gelatinous body 1,
(nimble swimmer 1), tentacles
a: no special abilities


You were on level 1 of the Dungeon.
You visited 1 branch of the dungeon, and saw 1 of its levels.

You collected 4 gold pieces.

Inventory:

Hand Weapons
 b - a +0 short sword (weapon)
Jewellery
 a - a ring of resist corrosion (left tentacle)


   Skills:
 + Level 2.0 Dodging
 + Level 2.8 Stealth
 + Level 2.0 Spellcasting
 + Level 1.0 Transmutations
 + Level 3.6 Poison Magic


You had 3 spell levels left.
You knew the following spells:

 Your Spells              Type           Power      Damage    Failure   Level
a - Sting                 Tmut/Pois      36%        1d4       8%          1

Your spell library contained the following spells:

 Spells                   Type           Power      Damage    Failure   Level
 Poisonous Vapours        Pois/Air       14%        N/A       14%         2
 Mephitic Cloud           Conj/Pois/Air  5%         N/A       34%         3
 Olgreb's Toxic Radiance  Pois           14%        N/A       38%         4


Dungeon Overview and Level Annotations

Branches:
Dungeon (1/15)

Altars:

Shops:
D:1 *


Innate Abilities, Weirdness & Mutations

You cannot wear most types of armour.
You are amphibious.
You can wear up to eight rings at the same time.
Your skin changes colour to match your surroundings (Stealth+).
Your rubbery body absorbs attacks. (AC +1, EV +1)
((You are camouflaged when in or above water. (Stealth+)))
You have tentacles for arms and can constrict up to eight enemies at once.


Message History

A bat, a giant cockroach and a goblin come into view.
Found a scroll labelled TYUMPA ZAAKKORPHET.
An endoplasm comes into view.
Found 4 gold pieces.
Found Nepom's General Store.
Found 10 sling bullets.
The endoplasm quivers.
The endoplasm hits you but does no damage.
You hit the endoplasm. You squeeze the endoplasm.
You kill the endoplasm!
You now have 4 gold pieces.
There is an entrance to Nepom's General Store here.
You see here a scroll labelled TYUMPA ZAAKKORPHET.
A goblin comes into view. It is wielding a +0 club.
The goblin shouts! x2
The goblin hits you with a +0 dagger.
A hobgoblin comes into view.
You hit the goblin. You grab the goblin. You squeeze the goblin.
You kill the goblin!
You hit the goblin but do no damage. Your grab misses the goblin.
The bat hits you. The goblin hits you with a +0 club.
You barely miss the goblin. Your grab misses the goblin.
The bat hits you but does no damage. x2; The goblin barely misses you.
You closely miss the goblin. You grab the goblin.
You constrict the goblin, but do no damage.
The bat hits you. The goblin hits you with a +0 club.
You hit the giant cockroach. Your grab misses the giant cockroach.
The giant cockroach is severely wounded.
You constrict the goblin. The bat closely misses you.
The bat hits you but does no damage. The giant cockroach barely misses you.
The goblin barely misses you.
You release your grip on the goblin.
The giant cockroach bites you.
* * * LOW HITPOINT WARNING * * *
The giant cockroach closely misses you. The bat barely misses you.
The bat hits you but does no damage. The bat misses you.
The bat barely misses you. The giant cockroach barely misses you.
The bat misses you. The bat barely misses you.
The goblin hits you with a +0 club.
You die...

####### ........#
####......... #.............
##.............#
#..............# ..
######.B............# ..#
##.....@b.g..........#
...#####..###..g...........#
............#.####.........##
(.......###.................#
...##.#...............).....##
#8.8.8###.......?..........
#.⌠.⌠..........#...........
#8.∩.8###..................
#.⌠.⌠.# #......###.........


You could see a giant cockroach, a hobgoblin, a goblin and a bat.

Vanquished Creatures
  An endoplasm (D:1)
  A goblin (D:1)
2 creatures vanquished.

Notes
Turn   | Place    | Note
-------+----------+-------------------------------------------
     0 | D:1      | gobodom the Octopode Venom Mage began the quest for the
                  | Orb.
     0 | D:1      | Reached XP level 1. HP: 11/11 MP: 3/3
    35 | D:1      | Found Nepom's General Store.
    74 | D:1      | Slain by a goblin

Illustrated notes

Levels and vault maps discovered:
D:1:      amcnicky_arrival_abandoned_market, layout_rooms,
          shapermc_ecumenical_altar_pompeii, serial_shops,
          nicolae_shop_temple_entry_statues_fountains

Action                   || total
-------------------------++-------
Melee: Short sword       ||     6
       Constrict         ||     2
       Tentacles         ||     2
Armor: Skin              ||     5
Dodge: Dodged            ||    11
